Map: Ephemeron LE

Players

refluX - Winner!

  • Race: Protoss Protoss
  • League: Platinum
  • Spawn Location: 5:00

Luca

  • Race: Zerg Zerg
  • Spawn Location: 11:00

VOD

Have the link to the VOD?

Description

Time

  • Played on: March 10, 2020, 4:26 p.m.
  • Length: 7:27
Show
View Real Time Build Order
Export as new Build Order

refluX Protoss - Winner!

Build Orders:  

Get SALT Encoding   

  12  0:00  Probe  
  13  0:12  Probe  
  14  0:33  Pylon  
  14  0:34  Probe (Chrono Boost)  
  15  0:41  Assimilator  
  15  0:49  Probe  
  15  0:51  Gateway  
  16  1:01  Probe (Chrono Boost)  
  17  1:07  Gateway  
  18  1:13  Probe (Chrono Boost)  
  18  1:17  Probe (Chrono Boost)  
  19  1:27  Probe  
  20  1:38  Cybernetics Core  
  20  1:43  Zealot  
  22  1:47  Pylon  
  22  1:50  Assimilator  
  22  1:51  Probe  
  23  2:05  Probe  
  24  2:17  Probe  
  24  2:18  Nexus  
  25  2:25  Warp Gate  
  25  2:37  Robotics Facility  
  25  2:50  Shield Battery  
  25  2:52  Pylon  
  25  2:53  Sentry  
  25  2:57  Stalker  
  29  3:02  Probe (Chrono Boost)  
  30  3:12  Probe (Chrono Boost)  
  31  3:17  Probe (Chrono Boost)  
  32  3:29  Probe (Chrono Boost)  
  32  3:31  Probe (Chrono Boost)  
  34  3:35  Observer  
  34  3:40  Probe (Chrono Boost)  
  37  3:41  Probe (Chrono Boost)  
  37  3:45  Probe (Chrono Boost)  
  37  3:46  Probe (Chrono Boost), Twilight Council  
  39  3:51  Pylon  
  39  3:55  Pylon, Probe  
  40  3:58  Probe  
  41  4:07  Probe (Chrono Boost), Assimilator  
  41  4:09  Assimilator  
  42  4:12  Probe (Chrono Boost), Immortal  
  47  4:19  Probe (Chrono Boost)  
  47  4:21  Stalker  
  47  4:23  Sentry  
  53  4:27  Probe x2 (Chrono Boost)  
  54  4:34  Probe  
  55  4:40  Probe, Dark Shrine  
  56  4:46  Probe  
  56  4:48  Gateway  
  56  4:52  Probe, Gateway  
  58  4:59  Gateway  
  58  5:01  Immortal (Chrono Boost)  
  62  5:08  Pylon  
  62  5:27  Pylon  
  62  5:29  Pylon  
  62  5:30  Warp Prism (Chrono Boost)  
  64  5:53  Dark Templar  
  64  5:54  Dark Templar x3  
  72  6:09  Pylon  
  72  6:11  Pylon  
  72  6:20  Zealot  
  74  6:27  Zealot x4  
  68  6:51  Zealot x5  
Show
View Real Time Build Order
Export as new Build Order

Luca Zerg 

Build Orders: Hatch First 

Get SALT Encoding   

  12  0:01  Drone  
  13  0:13  Overlord  
  13  0:17  Drone  
  14  0:32  Drone x2  
  16  0:39  Drone  
  17  0:49  Drone  
  18  0:58  Hatchery  
  18  1:01  Drone  
  18  1:03  Extractor  
  17  1:15  Spawning Pool  
  17  1:17  Drone  
  17  1:20  Drone  
  18  1:30  Drone  
  19  1:43  Drone  
  20  1:52  Overlord  
  20  2:02  Drone  
  21  2:09  Queen  
  21  2:10  Queen  
  21  2:12  Drone x2  
  27  2:21  Drone  
  28  2:23  Drone  
  29  2:33  Zergling x2  
  29  2:36  Zergling x2  
  31  2:43  Zergling x2  
  32  2:45  Drone  
  33  2:54  Drone  
  35  2:58  Drone  
  35  3:04  Drone  
  36  3:11  Hatchery  
  35  3:13  Drone  
  35  3:16  Overlord  
  36  3:34  Queen  
  36  3:36  Evolution Chamber  
  36  3:39  Drone  
  36  3:40  Drone x6, Roach Warren  
  43  3:54  Overlord x2  
  43  3:59  Drone  
  44  4:03  Lair  
  44  4:04  Extractor  
  44  4:06  Drone  
  44  4:08  Extractor  
  44  4:09  Drone  
  44  4:10  Extractor  
  44  4:13  Drone  
  44  4:14  Drone x5  
  49  4:21  Zerg Missile Weapons Level 1  
  49  4:27  Drone x3  
  52  4:36  Drone x2  
  52  4:37  Drone x3  
  57  4:42  Roach  
  57  4:43  Roach x3  
  57  4:45  Drone  
  66  4:51  Overlord  
  66  4:52  Overlord  
  66  5:07  Overlord  
  66  5:11  Drone x6  
  66  5:12  Drone x3  
  75  5:22  Hydralisk Den, Glial Reconstitution  
  75  5:26  Roach x3  
  80  5:34  Extractor  
  79  5:38  Drone x2  
  79  5:39  Evolution Chamber  
  79  5:40  Roach x5  
  79  5:41  Overlord  
  79  5:42  Overlord x4  
  90  5:55  Grooved Spines  
  90  6:03  Drone x3  
  93  6:05  Roach x3  
  99  6:16  Roach  
  99  6:17  Roach x2  
  105  6:28  Roach x4  
  105  6:31  Overlord  
  105  6:32  Overlord x2  
  103  6:44  Hydralisk  
  103  6:45  Roach x3  
  103  6:46  Roach x3  
  104  6:51  Roach x4  
  94  6:57  Roach x3  
  87  7:06  Roach  
Tags
 
League
Platinum
Matchup
PvZ
Spawn Locations
Cross Positions
Add a new tag
Caveats
  • Supply blocks, unpowered buildings, or Contaminate may cause inaccurate times.
  • Supply counts are checked every 10 seconds.